[Event "Fredericia IM 2022"]
[Site "Fredericia"]
[Date "2022.05.26"]
[Round "3.3"]
[White "Thorsbro, Peter"]
[Black "Fries Nielsen, Jens Ove"]
[Result "*"]
[WhiteElo "2192"]
[BlackElo "2370"]
[Annotator "TA"]
[PlyCount "28"]
[EventDate "2022.05.25"]
[EventType "tourn"]
[EventCountry "DEN"]
[SourceTitle "playchess.com"]
[Source "ChessBase"]
[SourceQuality "1"]
[TimeControl "40/5400+30:1800+30"]

1. c4 Nf6 2. Nf3 e6 3. g3 d5 4. d4 Be7 5. Bg2 O-O 6. O-O Na6 7. Nc3 {[%emt 0:01:31] E06: Closed Catalan: Early deviations.} c6 8. Ne5 Nd7 9. Nxd7 Bxd7 {[%emt 0:03:30] [#]} 10. Qb3 $146 ({Predecessor:} 10. cxd5 cxd5 11. a3 Nc7 12. Bf4 Nb5 13. Nxb5 Bxb5 14. Rc1 Rc8 15. Qd2 Qd7 16. Bf3 {½-½ (35) Shen,C (2165)-Charbonneau,P (2505) Chess.com INT 2017}) 10... b5 11. cxb5 cxb5 12. a3 {[%emt 0:05:18] The position is equal.} b4 13. axb4 Nxb4 14. e4 Bc6 {[%emt 0:06:34] Weighted Error Value: White=0.13 (very precise) /Black=0.13 (very precise)} *

[Event "Fredericia IM 2022"]
[Site "Fredericia"]
[Date "2022.05.26"]
[Round "3.4"]
[White "Storme, Isak"]
[Black "Egilstoft, Rogvi"]
[Result "1-0"]
[ECO "C70"]
[WhiteElo "2388"]
[BlackElo "2334"]
[Annotator "TA"]
[PlyCount "83"]
[EventDate "2022.05.25"]
[EventType "tourn"]
[EventCountry "DEN"]
[SourceTitle "playchess.com"]
[Source "ChessBase"]
[SourceQuality "1"]
[TimeControl "40/5400+30:1800+30"]

1. e4 e5 2. Nf3 Nc6 3. Bb5 a6 4. Ba4 Bc5 5. c3 Nge7 6. O-O Ba7 {[%emt 0:00:25] C64: Ruy Lopez: Classical Defence (3...Bc5) except 4 0-0 Nf6.} 7. d4 Ng6 8. Bg5 f6 {[%emt 0:01:20] White is slightly better.} 9. Be3 O-O 10. Nbd2 d6 11. Re1 Kh8 12. h3 Nce7 {[%emt 0:09:19] [#]} 13. Nf1 $146 ({Predecessor:} 13. Bb3 Qe8 14. Nf1 Bd7 15. Ng3 a5 16. Bc2 a4 17. a3 b5 18. Qd2 Nc6 19. Rad1 {0-1 (37) Bellahcene,B (2528)-Ivanisevic,I (2604) Dubai 2021}) 13... c5 14. Ng3 b5 15. Bc2 Bb7 16. Qd2 Rc8 17. d5 Bb6 18. b3 {[%emt 0:06:14] White is more active.} c4 19. b4 Bxe3 20. Qxe3 f5 21. Nxf5 Nxf5 22. exf5 Nf4 23. Rad1 Qd7 ({Not} 23... Nxd5 24. Qe4 $16) ({Black should play} 23... Bxd5 $14 24. g3 Bxf3 25. Qxf3 Nxh3+ 26. Kg2 Ng5) 24. Qe4 {[%emt 0:02:52] White leaves nothing to chance now.} g6 {[%emt 0:29:00] [#]} (24... Rf6 $16) 25. Nxe5 $1 $18 Qxf5 26. Qxf5 gxf5 27. Nc6 Rg8 28. g3 {[%emt 0:02:15] Hoping for Ne7.} ({Inferior is} 28. Bxf5 Rxg2+ 29. Kh1 Rf8 $17) 28... Nxh3+ (28... Bxc6 $142 29. dxc6 Nd3) 29. Kf1 Rcf8 30. Re7 Rg7 $2 (30... Bc8 {is a better defense.} 31. Rd4 Ng5) 31. Rxg7 {[%emt 0:00:44] White is clearly winning.} Kxg7 32. f4 Kf6 33. Kg2 Re8 34. Kxh3 Re2 35. Nd4 Re3 36. Bxf5 Rxc3 37. Be6 h5 38. Kh4 Ra3 39. Rd2 Re3 40. Nf5 Re1 41. Kxh5 c3 42. Rc2 {[%emt 0:02:16] Weighted Error Value: White=0.08 (flawless) /Black=0.30} 1-0

[Event "Fredericia IM 2022"]
[Site "Fredericia"]
[Date "2022.05.26"]
[Round "3.5"]
[White "Thorsbro, Peter"]
[Black "Easwaralingam, Adesh"]
[Result "1/2-1/2"]
[ECO "A45"]
[WhiteElo "2192"]
[BlackElo "2116"]
[Annotator "TA"]
[PlyCount "61"]
[EventDate "2022.05.25"]
[EventType "tourn"]
[EventCountry "DEN"]
[SourceTitle "playchess.com"]
[Source "ChessBase"]
[SourceQuality "1"]
[TimeControl "40/5400+30:1800+30"]

1. d4 Nf6 2. g3 d5 3. Bg2 e6 4. Nf3 Be7 5. O-O O-O 6. c4 dxc4 7. Qc2 a6 8. a4 Bd7 9. Rd1 Bc6 10. Nc3 {[%emt 0:00:20] 10.Bg5 is the hot move.} Nbd7 {[%emt 0:09:16] E05: Open Catalan: 5 Nf3 Be7.} (10... Bxf3 $11 11. Bxf3 Nc6) 11. e4 $1 $16 {[%emt 0:04:03][%cal Be2e4,Be4e5][%mdl 32] d5 is the strong threat.} b5 {[%emt 0:01:04] [#]} 12. d5 $1 exd5 {[%emt 0:02:09] White is better.} 13. e5 Ne4 (13... Nc5 $16 {is a better defense.}) 14. Nxd5 $18 Bxd5 15. Rxd5 c6 {[%emt 0:04:12] [#]} 16. Rd1 $146 (16. Rxd7 $1 $18 {is more deadly.} Qxd7 17. Qxe4) ({Predecessor:} 16. Rxd7 Qxd7 17. Qxe4 Qd1+ 18. Bf1 Rac8 19. Rb1 Qd5 20. Qg4 Rfe8 21. Bh6 Bf8 22. Bg2 bxa4 {1-0 (36) Shapkin,A (2283)-Ward,I (2028) Chess.com INT 2020}) 16... Nec5 $16 {[%emt 0:02:29][%cal Be4c5,Bc5d3,Bd3e5,Be5f3][%mdl 32] [#]} 17. Nd4 $1 {[%emt 0:01:36][%mdl 64] Discovered Attack} Rc8 (17... Nxe5 $2 18. Nxc6 Qc7 19. Bf4 Qxc6 20. Bxc6 Nxc6 21. axb5 axb5 22. Rxa8 Rxa8 23. Bd6 $18) 18. Nxc6 Qe8 19. axb5 axb5 20. Ra7 {[%emt 0:03:34] White is much more active.} Nd3 21. Nxe7+ (21. Be3 $5 Bd8 22. f4 $16) 21... Qxe7 22. Bh3 {[%emt 0:00:32] Inhibits Qe6.} Rfd8 23. Be3 (23. b3 $1 $14) 23... Ra8 $11 24. Rda1 Rxa7 25. Rxa7 {[%emt 0:00:04] Strongly threatening Bb6.} N3xe5 26. Qe4 (26. Bxd7 $5 Rxd7 27. Ra8+ Rd8 28. Qe4 Rxa8 29. Qxa8+ Qf8 30. Qe4 $11) 26... Qd6 {[%emt 0:02:55] And now ...Nc5 would win.} 27. Bd4 (27. Bxd7 $11 Nxd7 28. Qb7) 27... Qxd4 28. Qxd4 Nf3+ 29. Kf1 {[%emt 0:00:35] Qxd7 would kill now.} Nxd4 30. Bxd7 g6 31. Rb7 {[%emt 0:00:46] Black escapes into a draw.  Weighted Error Value: White=0.17 (very precise) /Black=0.24 (precise)} 1/2-1/2

[Event "Fredericia IM 2022"]
[Site "Fredericia"]
[Date "2022.05.27"]
[Round "4.1"]
[White "Easwaralingam, Adesh"]
[Black "Bogdanov, IM Egor"]
[Result "0-1"]
[ECO "B06"]
[WhiteElo "2116"]
[BlackElo "2415"]
[Annotator "TA"]
[PlyCount "105"]
[EventDate "2022.05.25"]
[EventType "tourn"]
[EventCountry "DEN"]
[SourceTitle "playchess.com"]
[Source "ChessBase"]
[SourceQuality "1"]
[TimeControl "40/5400+30:1800+30"]

1. e4 g6 2. d4 Bg7 3. Nc3 d6 4. Be3 a6 5. Qd2 b5 6. h4 {[%emt 0:00:35] B06: Modern Defence.} h6 (6... h5 $11) 7. Nh3 Nd7 8. O-O-O {[%emt 0:03:13] White is slightly better.} Bb7 9. f3 c5 10. g4 {[%emt 0:06:35] [#]} Qc7 $146 ({Predecessor:} 10... b4 11. Ne2 Qa5 12. Kb1 c4 13. c3 b3 14. axb3 cxb3 15. Nc1 Qa4 16. c4 Rb8 {1-0 (46) Tabatabaei,M (2587)-Petrosian,T (2598) Chess.com INT 2018}) 11. Nd5 (11. Kb1 $14) 11... Qc6 (11... Bxd5 $11 12. exd5 c4) 12. dxc5 $14 dxc5 13. g5 (13. Qa5 $16 Rc8 14. Kb1) 13... h5 $2 (13... e6 $1 $11) 14. Be2 $2 (14. Qa5 $18 {Threatens to win with Nc7+.} Rc8 15. a4 bxa4 16. Bf4) 14... O-O-O {[%emt 0:04:49] Prevents Nc7.} (14... e6 $11 {remains equal.}) 15. Qa5 $16 {[%emt 0:04:08] aiming for c4.} e6 $1 16. Nc3 Ne7 {[%emt 0:11:57] [#]} 17. Bxb5 $1 axb5 18. Nxb5 Qb6 19. Qxb6 {[%emt 0:04:53][%mdl 64] Remove Defender} Nxb6 20. Rxd8+ Rxd8 21. Bxc5 Ba6 ({Black should try} 21... Na4 $14 22. Bxe7 Bxb2+ 23. Kb1 Rd7) 22. Bxb6 ({Not} 22. Na7+ Kb7 23. Bxe7 Ra8 $17) 22... Bxb5 23. Bxd8 Kxd8 24. f4 (24. Kd2 $16) 24... Be2 ({Black should play} 24... e5 $14) 25. Re1 Bf3 (25... Bb5 $16) 26. Re3 Bg2 27. Nf2 f5 28. exf5 (28. e5 $16) 28... Nxf5 $14 29. Rxe6 Nxh4 30. c3 Kd7 31. Ra6 {[%emt 0:00:25] Strongly threatening Ra7+.} Bb7 $1 32. Rb6 Bc6 33. Rb8 Nf5 34. Kd2 h4 35. b4 {[%emt 0:01:02] [#]} (35. Ke1 $11) 35... Ne7 $1 $17 36. Rb6 Nd5 37. Ra6 (37. Rb8 $17 {is tougher.}) 37... Bxc3+ $19 38. Kc1 Nxf4 39. Ra7+ Kd6 {[%emt 0:00:30] White must now prevent ...Bd4.} 40. Rf7 {[%emt 0:00:20] [#]} Bd4 $1 41. Ng4 Nh5 42. a3 h3 {[%emt 0:00:30] And now ...Bd7 would win.} 43. Rf1 Ke6 44. Kd2 Bg2 45. Rf8 Ke7 46. Rg8 Be4 {[%emt 0:00:00] ...Bg1 is the strong threat.} 47. b5 Bf5 {[%emt 0:00:00] This bishop pair is nice.} ({Wrong is} 47... Bg1 $2 48. Rc8 $19) 48. Nh2 Be5 49. Nf1 (49. Nf3 $142) 49... Ng3 {[%emt 0:00:00] Black is clearly winning.} 50. Nxg3 Bxg3 51. Ke3 h2 52. Rh8 Bg4 53. Kd4 {What a bad dream for White.  Weighted Error Value: White=0.54/Black=0.22 (precise)} 0-1

[Event "Fredericia IM 2022"]
[Site "Fredericia"]
[Date "2022.05.27"]
[Round "4.2"]
[White "Egilstoft, FM Rogvi"]
[Black "Ramsdal, FM Jens Albert"]
[Result "1-0"]
[ECO "B22"]
[WhiteElo "2334"]
[BlackElo "2267"]
[Annotator "TA"]
[PlyCount "67"]
[EventDate "2022.05.25"]
[EventType "tourn"]
[EventCountry "DEN"]
[SourceTitle "playchess.com"]
[Source "ChessBase"]
[SourceQuality "1"]
[TimeControl "40/5400+30:1800+30"]

1. e4 c5 2. c3 Nf6 3. e5 Nd5 4. d4 cxd4 5. Nf3 d6 6. cxd4 Nc6 7. Bc4 dxe5 8. dxe5 Be6 {[%emt 0:01:03][%cal Od5e3] B22: Sicilian: 2 c3.} 9. O-O g6 10. Qe2 {[%emt 0:21:32] was the old line (10.Ng5).} Bg7 {[%emt 0:03:22] The position is equal.} 11. Ng5 O-O 12. Nxe6 fxe6 {[%emt 0:00:02] [#]} 13. Nc3 $146 ({Predecessor:} 13. f4 g5 14. g3 gxf4 15. gxf4 Qb6+ 16. Kh1 Qd4 17. Nc3 Nxf4 18. Bxf4 Rxf4 19. Rxf4 Qxf4 {0-1 (35) Pap,M (2377)-Prraneeth,V (2275) Budapest 2021}) 13... Kh8 (13... Qa5 {with more complications.} 14. Bd2 Qc5 15. Na4 Qd4) 14. Rd1 Nxc3 15. bxc3 Qa5 16. Rb1 Rad8 17. Bb2 (17. Bxe6 Qxe5 18. Bg4 Rxd1+ 19. Qxd1 Rd8 $11) ({White should play} 17. Rxd8 $14 Rxd8 18. Rxb7) 17... Nxe5 18. Bxe6 Rd6 (18... Nc6 $11) 19. Rxd6 $14 exd6 20. Rd1 Qc5 21. c4 Re8 22. Bd5 b6 23. Kh1 {[%emt 0:01:28] Hoping for f4.} Rf8 24. f3 Qc7 25. Ba3 h5 (25... g5 $142) 26. h3 Kh7 $2 {[%emt 0:02:32][%mdl 8192] [#]} (26... Qe7 $16 27. Be4 Nf7) 27. Qe4 $2 (27. Bxd6 $1 Qd8 28. Bxe5) 27... Nf7 $18 28. Qh4 (28. Re1 $18) 28... Qd7 (28... Re8 $16 {is a better defense.} 29. Be4 Re5) 29. Be4 {[%emt 0:00:41] Threatens to win with Qxh5+.} Qa4 30. Rd3 {[%emt 0:03:22] White threatens Qxh5+ and mate.} Qa5 31. Bxd6 $40 {[%emt 0:01:01][%mdl 128] White is out for blood.} ({Weaker is} 31. c5 Ne5 32. Bb4 Qb5 $16) 31... Re8 (31... Nxd6 {is tougher.} 32. Rxd6 Qe5 33. Bxg6+ Kg8) 32. Rd5 {[%emt 0:00:47] Intending Bxg6+ and mate.} Qxa2 {[%emt 0:01:47] [#]} 33. Bxg6+ $1 {[%emt 0:01:14][%mdl 512] This bishop pair is nice.} Kh8 (33... Kg8 34. Bxf7+) 34. Qxh5+ {[%emt 0:01:17] Weighted Error Value: White=0.52/Black=0.74} 1-0

[Event "Fredericia IM 2022"]
[Site "Fredericia"]
[Date "2022.05.27"]
[Round "4.3"]
[White "Boe, FM Mads"]
[Black "Storme, FM Isak"]
[Result "1/2-1/2"]
[ECO "A46"]
[WhiteElo "2293"]
[BlackElo "2388"]
[Annotator "TA"]
[PlyCount "74"]
[EventDate "2022.05.25"]
[EventType "tourn"]
[EventCountry "DEN"]
[SourceTitle "playchess.com"]
[Source "ChessBase"]
[SourceQuality "1"]
[TimeControl "40/5400+30:1800+30"]

1. d4 Nf6 2. Nf3 d5 3. c4 e6 4. cxd5 exd5 5. Nc3 c6 6. Bg5 Be7 7. e3 Bf5 8. Bd3 Bxd3 9. Qxd3 Nbd7 {[%emt 0:00:26] The position is equal.} 10. h3 {[%emt 0:01:13] D35: Queen's Gambit Declined: Exchange Variation.} O-O 11. Bf4 Ne8 12. O-O Bd6 {[%emt 0:01:03] [#]} 13. Ne2 $146 ({Predecessor:} 13. Bxd6 Nxd6 14. Rfe1 Re8 15. Ne2 f5 16. Ng3 g6 17. Rac1 a6 18. Qb3 Kg7 19. Qb4 Qf6 20. h4 Rab8 21. h5 Ne4 22. hxg6 hxg6 23. Nxe4 {½-½ (25) Shi,Y (1327)-Guo,F (1601) Montreal 2010}) 13... h6 14. Qc2 Qe7 15. Rfe1 Bxf4 16. Nxf4 Nd6 17. Nd3 Rfe8 18. Rac1 Qe6 19. Nf4 Qf5 20. Qxf5 Nxf5 21. Nd3 Nd6 22. Nfe5 Rad8 23. Nxd7 Rxd7 24. Rc2 h5 25. h4 f6 26. g3 Kf7 27. Kg2 g6 28. Rcc1 a5 29. a4 Rde7 30. b3 Ra8 31. Red1 Ra6 32. Rb1 Rb6 33. Rdc1 Re8 34. Rb2 Ra8 35. Rd1 Re8 36. Rc1 Ra8 37. Rd1 Re8 {[%emt 0:00:12] An interesting draw.  Weighted Error Value: White=0.02 (flawless) /Black=0.02 (flawless)} 1/2-1/2

[Event "Fredericia IM 2022"]
[Site "Fredericia"]
[Date "2022.05.27"]
[Round "4.4"]
[White "Vinter-Schou, IM Uffe"]
[Black "Thorsbro, Peter"]
[Result "1-0"]
[ECO "C48"]
[WhiteElo "2321"]
[BlackElo "2192"]
[Annotator "TA"]
[PlyCount "85"]
[EventDate "2022.05.25"]
[EventType "tourn"]
[EventCountry "DEN"]
[SourceTitle "playchess.com"]
[Source "ChessBase"]
[SourceQuality "1"]
[TimeControl "40/5400+30:1800+30"]

1. e4 e5 2. Nf3 Nc6 3. Nc3 Nf6 4. Bb5 a6 5. Bxc6 dxc6 6. O-O Bg4 7. h3 Bxf3 8. Qxf3 Qd7 9. d3 Bc5 {[%emt 0:03:22] [#] C68: Ruy Lopez: Exchange Variation, sidelines.} 10. Bh6 $146 ({Predecessor:} 10. Bg5 Rg8 11. Kh1 Qe6 12. Ne2 O-O-O 13. Ng3 h6 14. Bxf6 gxf6 15. Qf5 Rg5 16. Qxe6+ fxe6 17. Rad1 {1-0 (87) Da Silva,D-Leao,A Itajai 2016}) 10... O-O 11. Qg3 Ne8 {[%emt 0:00:09] White has an edge.} 12. Kh1 ({Not} 12. Qxe5 Bd6 13. Qh5 (13. Qg5 $2 f6 $17) 13... gxh6 14. Qxh6 Qe6 15. Qxe6 fxe6 $17) 12... Qe6 13. Bd2 f6 14. Ne2 Bd6 15. Qe3 c5 16. a4 b6 17. a5 b5 18. f4 c4 19. d4 exf4 20. Nxf4 Bxf4 21. Rxf4 Nd6 {[%emt 0:01:09] Threatens to win with ...g5.} 22. Re1 Rfe8 (22... Rae8 $11 {keeps the balance.}) 23. Qf3 Nf7 24. Bc3 Rad8 (24... Qe7 $14) 25. Qg3 $1 $16 {[%emt 0:01:56] Black must now prevent d5.} Rd7 {[%emt 0:00:58] [#]} (25... Kh8 $16) 26. d5 $1 $18 Qd6 27. Bxf6 {[%emt 0:00:07][%csl Gf6][%cal Rg3g7] White is more active.} Ne5 28. Bxe5 Qxe5 29. Ref1 $40 {[%emt 0:00:12][%cal Of4f8][%mdl 128] And now Rf8+! would win. Black is in trouble.} Rf7 {[%emt 0:02:48] Prevents Rf8+.} 30. Kh2 (30. Qf2 $18 Rxf4 31. Qxf4) 30... Rxf4 31. Qxf4 Qxf4+ (31... Qxe4 $2 {gets mated.} 32. Qf7+ Kh8 {[#]} 33. Qf8+ $3 Rxf8 34. Rxf8#) (31... Qe7 $16 {might work better.} 32. Qf5 h6) 32. Rxf4 $16 {[%emt 0:00:02][%mdl 4096] Endgame KR-KR} g5 33. Rg4 (33. Rf6 $18) 33... Re5 $2 (33... Kf7 $11 {and Black stays safe.}) 34. h4 $18 h6 35. hxg5 hxg5 36. Kg3 Kf7 37. Kf3 Kf6 38. Rg3 {[%emt 0:00:18] Strongly threatening Ke3.} Re7 $2 (38... c6 {was worth a try.} 39. dxc6 Rc5) 39. Ke3 {[%emt 0:00:06] White is clearly winning.} Rh7 40. Rf3+ Kg6 41. e5 Rh1 42. Rf6+ Kg7 43. Rxa6 {[%emt 0:00:00] Weighted Error Value: White=0.28 (precise) /Black=0.57} 1-0

[Event "Fredericia IM 2022"]
[Site "Fredericia"]
[Date "2022.05.27"]
[Round "4.5"]
[White "Fries Nielsen, IM Jens Ove"]
[Black "Hilwerda, FM Jonas"]
[Result "1/2-1/2"]
[ECO "B34"]
[WhiteElo "2370"]
[BlackElo "2275"]
[Annotator "TA"]
[PlyCount "63"]
[EventDate "2022.05.25"]
[EventType "tourn"]
[EventCountry "DEN"]
[SourceTitle "playchess.com"]
[Source "ChessBase"]
[SourceQuality "1"]
[TimeControl "40/5400+30:1800+30"]

1. e4 c5 2. Nf3 Nc6 3. d4 cxd4 4. Nxd4 Nf6 5. Nc3 e5 6. Nde2 Bc5 7. Be3 Bxe3 8. fxe3 O-O 9. Qd2 d6 10. Ng3 {[%emt 0:00:45] B33: Sicilian: Pelikan and Sveshnikov Variations.} Be6 {[%emt 0:06:12] [#]} 11. Bd3 $146 ({Predecessor:} 11. Rd1 Qb6 12. Be2 Rfd8 13. Nd5 Bxd5 14. exd5 Nb4 15. c4 Nxa2 16. O-O Nd7 17. Kh1 e4 18. Nxe4 {1-0 (27) Cubas,J (2463)-Alvarez Marquez,J (2414) Khanty-Mansiysk 2010}) 11... Nb4 12. O-O {[%emt 0:01:28] The position is equal.} Nxd3 13. Qxd3 d5 (13... Rc8 $5 14. Nd5 Bxd5 15. exd5 Nd7 $11) 14. exd5 Nxd5 15. Rad1 Nf6 16. Nce4 Nxe4 17. Qxe4 Qc7 18. Rf2 Rad8 (18... Bxa2 $2 19. b3 $18) 19. Rdf1 f6 (19... Bxa2 $2 20. b3 $18) 20. b3 Rd7 21. c4 Rfd8 22. Qf3 Rd2 (22... Qb6 $15) 23. Ne4 Rxf2 (23... R2d3 {looks sharper.} 24. Ng5 Bf7 25. Nxf7 Kxf7 26. g4 h6) 24. Qxf2 Bf7 25. Nc3 Rd3 26. Qc2 {[%emt 0:15:47] [#]} (26. Na4 $15) 26... Bg6 $1 $17 {[%emt 0:01:36] Black is better.} ({But not} 26... Rxe3 $6 27. Qd2 Qc5 28. Qd8+ Qf8 29. Qd2 $11) 27. Qc1 Qa5 28. Na4 Bh5 29. c5 {[%emt 0:04:03] Threatens to win with Qc4+.} Be2 30. Re1 {[%emt 0:00:33] [#]} Qd2 $1 (30... Rxe3 $2 31. Rxe2 Rxe2 32. Qc4+ Kf8 33. Qxe2 $18) 31. Qxd2 Rxd2 32. Nc3 {[%emt 0:00:12] Weighted Error Value: White=0.15 (very precise) /Black=0.10 (very precise)} 1/2-1/2

[Event "Fredericia IM 2022"]
[Site "Fredericia"]
[Date "2022.05.27"]
[Round "5.1"]
[White "Bogdanov, Egor"]
[Black "Vinter-Schou, Uffe"]
[Result "0-1"]
[ECO "B22"]
[WhiteElo "2415"]
[BlackElo "2321"]
[Annotator "TA"]
[PlyCount "80"]
[EventDate "2022.05.25"]
[EventType "tourn"]
[EventCountry "DEN"]
[SourceTitle "playchess.com"]
[Source "ChessBase"]
[SourceQuality "1"]
[TimeControl "40/5400+30:1800+30"]

1. e4 c5 2. c3 Nf6 3. e5 Nd5 4. d4 cxd4 5. Nf3 Nc6 6. cxd4 d6 7. Bc4 Nb6 8. Bb5 Bd7 9. Nc3 {[%emt 0:00:42] 9.Nc3 is better than 9.exd6.} dxe5 {[%emt 0:00:52] B22: Sicilian: 2 c3.} 10. d5 Nb4 11. Bxd7+ Qxd7 {[%emt 0:02:58] Black is slightly better.} (11... Nxd7 12. O-O $14) 12. O-O (12. Qb3 $1 $15 Nd3+ 13. Ke2) 12... f6 $17 {[%emt 0:16:09][%cal Rb4d5] [#]} ({Of course not} 12... N6xd5 $6 13. Nxe5 Qe6 14. Nxd5 Qxd5 15. Qg4 $14) 13. Qb3 $146 ({Predecessor:} 13. a3 N4xd5 14. Nxe5 fxe5 15. Qh5+ g6 16. Qxe5 Nf6 17. Rd1 Qf5 18. Qxf5 gxf5 19. Nb5 {0-1 (39) Tymrakiewicz,R (2253)-Karthikeyan,M (2606) Chess.com INT 2020}) 13... N4xd5 ({Worse is} 13... N6xd5 14. Rd1 e6 15. a3 $17) 14. Rd1 e6 15. Be3 Rd8 16. Rac1 Nc8 17. Nb5 {[%emt 0:02:39] This move loses the game for White.} (17. Nd2 $17) 17... Bd6 $19 18. Bc5 b6 19. Ba3 Bxa3 20. Rc7 Nxc7 21. Rxd7 Rxd7 (21... Kxd7 $2 {perishes.} 22. Nxa3 Nd6 23. h3 $19) 22. bxa3 Nxb5 23. Qxb5 Ke7 24. h4 h5 25. Qb4+ Nd6 26. Nd2 Rc8 {[%emt 0:00:58] Prevents Nc4.} 27. g4 (27. a4 $142) 27... hxg4 28. h5 f5 {[%emt 0:00:27] [#] White must now prevent ...Rc1+.} 29. Qb2 Nf7 30. Kg2 Rd4 31. Nb3 Rdc4 32. Nd2 Rc2 33. Qb4+ Nd6 34. Nf1 R8c4 35. Qe1 Ne4 {[%emt 0:03:15] [#] Strongly threatening ...Rc1.} 36. Ne3 Rxf2+ 37. Kg1 Rc3 {[%emt 0:04:07] ...g3 is the strong threat.} 38. Nf1 Rcf3 39. Ne3 Nd2 {[%emt 0:04:25][%cal Of2f1] ( -> ...Rf1+!)} 40. Nd5+ Kd6 {[%emt 0:00:34] Weighted Error Value: White=1.01/Black=0.16 (very precise)} 0-1

[Event "Fredericia IM 2022"]
[Site "Fredericia"]
[Date "2022.05.27"]
[Round "5.2"]
[White "Storme, Isak"]
[Black "Easwaralingam, Adesh"]
[Result "1-0"]
[ECO "B47"]
[WhiteElo "2388"]
[BlackElo "2116"]
[Annotator "TA"]
[PlyCount "73"]
[EventDate "2022.05.25"]
[EventType "tourn"]
[EventCountry "DEN"]
[SourceTitle "playchess.com"]
[Source "ChessBase"]
[SourceQuality "1"]
[TimeControl "40/5400+30:1800+30"]

1. e4 c5 2. Nf3 e6 3. d4 cxd4 4. Nxd4 Nc6 5. Nc3 Qc7 6. g3 a6 7. Bg2 Nf6 8. O-O Nxd4 9. Qxd4 Bc5 10. Bf4 d6 11. Qd2 h6 12. Rad1 e5 13. Be3 Bxe3 {[%emt 0:00:28] B47: Sicilian: Taimanov: 5 Nc3 Qc7 6 f4, 6 g3 and 6 Be2.} 14. fxe3 Be6 15. Qxd6 Rc8 {[%emt 0:00:07] White is slightly better.} 16. Qb4 {[%emt 0:09:10] [#] White is more active.} Qe7 $146 ({Predecessor:} 16... Qc5 17. Qxc5 Rxc5 18. Rd2 Rxc3 19. bxc3 Nd7 20. a4 Ke7 21. Rb1 Nc5 22. a5 Rc8 {0-1 (62) Levitsky,A (2348)-Chigaev,M (2630) Chess.com INT 2021}) 17. Qa4+ Bd7 18. Qb3 b5 19. Nd5 Nxd5 20. exd5 ({But not} 20. Qxd5 Rxc2 21. Rc1 Bc6 $11) 20... Qd6 21. Qd3 h5 22. h4 O-O $1 23. c3 Rc4 (23... Bg4 $11) 24. e4 $14 Qc5+ 25. Kh2 b4 26. Rc1 $36 {[%emt 0:03:30][%mdl 2048] [#] Strongly threatening cxb4. Black is under strong pressure.} bxc3 27. Rxc3 Rxc3 28. Qxc3 Qd6 29. Rc1 Bb5 (29... Rc8 $16 {was necessary.} 30. Qe3 Rxc1 31. Qxc1 Qb6) 30. Qc5 Qf6 (30... Qxc5 $16 31. Rxc5 Rd8) 31. Rc2 $18 Qd8 (31... Rd8 $142 32. b3 Qd6 33. Qxd6 Rxd6 34. Rc8+ Kh7) 32. d6 Re8 (32... Qf6 {might work better.} 33. Rf2 Qg6 34. Qxe5 Rd8) 33. Bh3 Bd7 34. Qc7 Bxh3 35. Kxh3 {[%emt 0:00:07] [#] And now d7 would win.} Qxc7 (35... Rf8 36. d7 Qf6) 36. dxc7 Rc8 37. b4 {[%emt 0:00:53] Weighted Error Value: White=0.07 (flawless) /Black=0.29 (precise)} 1-0

[Event "Fredericia IM 2022"]
[Site "Fredericia"]
[Date "2022.05.27"]
[Round "5.3"]
[White "Ramsdal, Jens Albert"]
[Black "Andersson, Christin"]
[Result "*"]
[WhiteElo "2267"]
[BlackElo "2028"]
[Annotator "TA"]
[PlyCount "38"]
[EventDate "2022.05.25"]
[EventType "tourn"]
[EventCountry "DEN"]
[SourceTitle "playchess.com"]
[Source "ChessBase"]
[SourceQuality "1"]
[TimeControl "40/5400+30:1800+30"]

1. Nf3 Nf6 2. c4 c6 3. g3 d5 4. Bg2 {[%emt 0:01:22] [#] An uneventful encounter.} {Predecessor:} Bg4 $146 5. Ne5 Be6 6. cxd5 {E02: Open Catalan: 5 Qa4+.} Bxd5 7. Nf3 c5 8. Nc3 Bc6 9. O-O e6 10. d4 Nbd7 11. e4 Nxe4 12. Nxe4 Bxe4 13. Re1 Bd5 14. dxc5 Be7 15. b4 O-O 16. Bb2 a5 17. a3 b6 18. Nd4 Bxg2 19. Kxg2 axb4 {1-0 (45) Artemiev,V (2700)-Le,Q (2709) chess24.com INT 2022} *